 Dungeon Crawl Stone Soup version 0.20-a0-942-ga5226df (webtiles) character file.

212658 Deemzul the Severer (level 18, -7/149 HPs)
             Began as a Demonspawn Fighter on Apr 1, 2017.
             Was the Champion of Okawaru.
             Mangled by an iron golem (15 damage)
             ... in a wizard's laboratory.
             The game lasted 00:55:29 (32527 turns).

Deemzul the Severer (Demonspawn Fighter)           Turns: 32527, Time: 00:55:30

Health: -7/149     AC: 37    Str: 32    XL:     18   Next: 25%
Magic:  0/36       EV:  6    Int: 16    God:    Okawaru [******]
Gold:   2930       SH: 28    Dex: 22    Spells: 17/17 levels left

rFire    . . .     SeeInvis +   A - +5 war axe of Corporal Punishment {chaos, rElec rC+}
rCold    + + +     Gourm    .   c - +3 large shield of Okawaru's Generosity {rPois rC++ MR+ MP+9}
rNeg     + . .     Faith    .   S - +3 plate armour {MR+}
rPois    +         Spirit   +   (helmet unavailable)
rElec    +         Reflect  +   u - scarf {Spirit}
rCorr    .         Harm     .   a - +3 pair of gloves "Ycaejed" {rElec Int-3 Dex+2 SInv}
MR       +++..     Rnd*Tele +   H - +2 pair of boots {Fly}
Stlth    ..........             D - amulet of the Crushed Beds {Reflect *Corrode rN+ Int+8 Dex+4 SH+3}
Regen    0.4/turn               W - +6 ring of strength
MPRegen  0.3/turn               P - +6 ring of protection

@: flying
A: horns 3, icy blue scales 3, camouflage 1, agile 1, blink, cold resistance 1,
demonic guardian 3, sense surroundings 1, electricity resistance, spiny 2,
strong 2, teleportitis 1
}: 1/15 runes: barnacled
a: Blink, Heroism, Finesse, Renounce Religion, Stop Flying


You were in a wizard's laboratory.
You worshipped Okawaru.
Okawaru was exalted by your worship.
You were not hungry.

You visited 8 branches of the dungeon, and saw 32 of its levels.
You also visited: Wizlab.

You collected 3735 gold pieces.
You spent 805 gold pieces at shops.

Inventory:

Hand Weapons
 A - the +5 war axe of Corporal Punishment (weapon) {chaos, rElec rC+}
   (Okawaru gifted it to you on level 3 of the Elven Halls)

   Each time it hits an enemy it has a different, random effect.
   It protects you from cold.
   It insulates you from electricity.
 E - the +10 hand crossbow of the Eel {penet, *Slow rN+ Int+5}
   (You found it on level 3 of the Elven Halls)

   Ammo fired by it will pass through the targets it hits, potentially hitting
   all targets in its path until it reaches maximum range.
   It affects your intelligence (+5).
   It protects you from negative energy.
   It may slow you when you take damage.
 Q - a +6 broad axe of venom
 U - the +7 spear of Ustrox {speed, *Rage rF+ Str+5 Dex+3}
   (You found it on level 15 of the Dungeon)

   Attacks with this weapon are significantly faster.
   It affects your strength (+5).
   It affects your dexterity (+3).
   It protects you from fire.
   It may make you go berserk in combat.
Armour
 a - the +3 pair of gloves "Ycaejed" (worn) {rElec Int-3 Dex+2 SInv}
   (Okawaru gifted it to you on level 1 of the Elven Halls)

   It affects your intelligence (-3).
   It affects your dexterity (+2).
   It insulates you from electricity.
   It lets you see invisible.
 c - the +3 large shield of Okawaru's Generosity (worn) {rPois rC++ MR+ MP+9}
   (Okawaru gifted it to you on level 3 of the Shoals)

   It greatly protects you from cold.
   It protects you from poison.
   It affects your resistance to hostile enchantments.
   It affects your magic capacity (+9).
 u - a scarf of spirit shield (worn)
 H - a +2 pair of boots of flying (worn)
 S - a +3 plate armour of magic resistance (worn)
Jewellery
 p - an uncursed ring of protection from magic
 D - the amulet of the Crushed Beds (around neck) {Reflect *Corrode rN+ Int+8 Dex+4 SH+3}
   (You acquired it on level 3 of the Lair of Beasts)

   [amulet of reflection]

   It shields you and reflects attacks.
   It affects your intelligence (+8).
   It affects your dexterity (+4).
   It protects you from negative energy.
   It may corrode you when you take damage.
   It affects your SH (+3).
 P - a +6 ring of protection (right hand)
 W - a +6 ring of strength (left hand)
 Y - an uncursed ring of teleportation
Wands
 K - a wand of paralysis (8/24)
 L - a wand of clouds (6/9)
 X - a wand of acid (10/15)
Scrolls
 e - 7 scrolls of enchant armour
 i - a scroll of fog
 j - 13 scrolls of teleportation
 l - 5 scrolls of blinking
 n - 4 scrolls of magic mapping
 q - 26 scrolls of identify
 r - 13 scrolls of remove curse
 I - 3 scrolls of fear
 R - 2 scrolls of amnesia
 T - 2 scrolls of recharging
Potions
 d - 6 potions of might
 h - 7 potions of curing
 m - 2 potions of heal wounds
 o - 3 potions of magic
 x - 11 potions of mutation
 z - 3 potions of brilliance
 J - 2 potions of resistance
 N - 2 potions of berserk rage
 O - a potion of cancellation
 Z - a potion of haste
Miscellaneous
 k - 3 boxes of beasts
 w - a lightning rod (4/4)
 B - a phial of floods (inert)
 F - a phantom mirror
 G - a lamp of fire
 V - a sack of spiders
Comestibles
 f - 19 bread rations
 g - a meat ration
 s - 2 fruits


   Skills:
 * Level 15.4 Fighting
 * Level 17.2 Axes
 + Level 13.0 Armour
 + Level 12.8 Shields
 - Level 13.0 Invocations
 + Level 7.6 Evocations


You had 17 spell levels left.
You didn't know any spells.

Dungeon Overview and Level Annotations

Branches:
Dungeon (15/15)            Temple (1/1) D:4            Lair (5/6) D:9
 Shoals (4/4) Lair:3        Snake (1/4) Lair:3        Slime (0/5) Lair:5
    Orc (2/2) D:10            Elf (3/3) Orc:2        Vaults (1/5) D:13
 Depths (0/5) D:15

Altars:
Ashenzari
Cheibriados
Dithmenos
Elyvilon
Fedhas
Gozag
Kikubaaqudgha
Makhleb
Nemelex Xobeh
Okawaru
Qazlal
Ru
Sif Muna
Trog
Vehumet
Wu Jian
Xom
Yredelemnul
Zin
The Shining One
Beogh
Jiyva

Shops:
D:5 :   Orc:2 =:}(?   Elf:2 ==}   Elf:3 %!   Shoals:1 =

Annotations:
Lair:5 1 runed door, exclusion: 3 oklob plants
Elf:2 3 runed doors


Innate Abilities, Weirdness & Mutations

You have a pair of large horns on your head.
You are completely covered in icy blue scales. (AC +4, rC+)
Your flesh is cold resistant. (rC+)
A powerful demonic guardian rushes to your aid.
You are mostly covered in sharp spines.
Your skin changes colour to match your surroundings (Stealth+).
You are agile. (Dex +2)
You can translocate small distances at will.
You passively map a small area around you.
You are resistant to electric shocks. (rElec)
Your muscles are very strong. (Str +4)
You are occasionally teleported next to monsters.


Message History

* * * LOW HITPOINT WARNING * * *
Your redback completely misses the war gargoyle.
Your reaper hits the electric golem with a scythe of freezing!!!
Your reaper freezes the electric golem.
Unknown command.
Unknown command.
Unknown command.
You block the war gargoyle's attack.
Your soldier ant stings the iron golem but does no damage.
The crystal guardian fires a crystalline bolt at you.
The crystal bolt misses your redback. The crystal bolt burns you!
* * * LOW HITPOINT WARNING * * *
The electric golem blinks!
Your redback bites the war gargoyle but does no damage.
Your water elemental hits the crystal guardian.
Your water elemental engulfs the crystal guardian in water!
You block the war gargoyle's attack.
The iron golem is struck by your spines.
The iron golem hits you!
You die...

....###.............≈...###......
#................≈≈≈..9.......##.
#..............?.≈≈≈.E..........#
#................≈≈≈...........##
....###..........E9≈.....##......
....#,#....?.8...8.§..... #......
....###......8...s...9...##......
............E..899...............
##....###......a@E...2.......##..
#....#,..............§?.....# ..
##....###....................###.
.................................
.................................
................8................
#################################


You could see an iron golem, an electric golem, 3 crystal guardians, 2 war
gargoyles, 3 earth elementals, 3 gargoyles, a friendly reaper, a friendly water
elemental, a friendly soldier ant and a friendly redback.

Vanquished Creatures
  A deep elf master archer (Elf:3)
  2 krakens
  Kirke (Shoals:2)
  2 deep elf sorcerers (Elf:3)
  A frost giant (Shoals:4)
  A deep elf elementalist (Elf:3)
  Nessos (Lair:5)
  3 deep elf demonologists
  Azrael (D:12)
  The ghost of Welfe the Grappler, a journeyman TrMo of Wu Jian (Lair:2)
  6 deep elf annihilators (Elf:3)
  4 deep elf death magi
  A fire dragon (Vaults:1)
  2 merfolk javelineers
  13 merfolk impalers
  A yaktaur captain (Vaults:1)
  Erolcha (D:10)
  A naga warrior (Snake:1)
  2 deep elf high priests (Elf:3)
  4 hydras
  5 centaur warriors
  2 alligator snapping turtles (Shoals:4)
  4 merfolk avatars (Shoals:2)
  2 ogre magi (Orc:2)
  2 merfolk aquamancers (Shoals:4)
  2 two-headed ogres
  Erica (Lair:1)
  An alligator (Shoals:4)
  2 tengu warriors
  16 dancing weapons
  An orc high priest (Elf:1)
  A shock serpent (Snake:1)
  A shock serpent (shapeshifter) (Elf:3)
  Nergalle (Orc:2)
  A fire crab (shapeshifter) (D:14)
  12 deep elf knights
  9 sea snakes
  A glowing orange brain (D:15)
  An unseen horror (D:12)
  13 deep elf archers
  A harpy (shapeshifter) (Vaults:1)
  A wolf spider (D:14)
  3 orc knights
  A shining eye (Lair:3)
  37 deep elf magi
  2 cyclopes
  13 harpies
  A wolf spider zombie (D:14)
  10 ugly things
  5 orc sorcerers (Orc:2)
  An oklob plant (Lair:5)
  6 fauns
  A faun (shapeshifter) (D:15)
  A toenail golem (WizLab)
  13 manticores
  5 slime creatures
  A black mamba (Snake:1)
  3 elephants (Lair:3)
  9 merfolk sirens
  A naga mage (Snake:1)
  6 water nymphs
  A black mamba (shapeshifter) (D:15)
  3 centaur skeletons
  2 orange demons (Elf:1)
  7 spiny frogs
  4 komodo dragons
  5 trolls
  37 merfolk
  2 tengu conjurers
  2 wind drakes
  10 hippogriffs
  A wind drake (shapeshifter) (Shoals:2)
  15 blink frogs
  7 snapping turtles
  2 dream sheep (Shoals:3)
  A meliai zombie (D:14)
  29 yaks
  4 air elementals
  A tarantella (shapeshifter) (Elf:3)
  A spriggan (D:7)
  5 water elementals
  2 hogs (Shoals:2)
  A shadow (D:12)
  13 humans
  A vampire (D:12)
  4 wraiths
  6 fire elementals
  A hungry ghost (D:9)
  3 vampire mosquitoes (D:11)
  The ghost of Deemzul the Skirmisher, an amateur DsFi (D:3)
  A basilisk (D:15)
  A swamp worm (shapeshifter) (D:14)
  3 nagas (Lair:3)
  A swamp worm (Shoals:4)
  3 wargs
  An acid dragon (D:12)
  7 water moccasins
  3 porcupines
  5 sky beasts
  2 ice beasts
  A black bear (shapeshifter) (D:15)
  3 eyes of draining
  23 orc warriors
  A necrophage (D:9)
  A boggart (D:12)
  A wolf (Lair:3)
  A phantom (D:7)
  9 ogres
  20 centaurs
  9 crocodiles
  3 earth elementals
  23 bullfrogs
  A water moccasin zombie (D:9)
  9 scorpions
  A water moccasin skeleton (D:7)
  3 killer bees (D:12)
  14 wights
  7 crimson imps
  4 centaur zombies
  A bullfrog zombie (D:10)
  A quasit (D:13)
  Crazy Yiuf (D:3)
  2 hounds
  A gnoll shaman (D:7)
  14 orc priests
  5 bullfrog skeletons
  Ijyb (D:5)
  3 iguanas
  Natasha (twice) (D:3)
  29 orc wizards
  11 worker ants
  A hound zombie (D:11)
  A hound skeleton (D:8)
  A worker ant zombie (D:8)
  4 gnolls (D:7)
  2 howler monkey skeletons
  13 adders
  3 shadow imps
  2 adder skeletons (D:4)
  2 adder zombies
  7 worms
  4 dart slugs
  3 leopard geckos
  121 orcs
  5 bats
  5 giant cockroaches
  6 goblins
  9 hobgoblins
  15 jackals
  8 quokkas
  A ball python skeleton (D:4)
  4 frilled lizards
  2 kobolds (D:1)
  A leopard gecko skeleton (D:9)
  A quokka zombie (D:6)
  4 rats
  4 plants
  6 tentacles
886 creatures vanquished.

Vanquished Creatures (collateral kills)
  Nikola (Elf:3)
  2 deep elf blademasters (Elf:3)
  Rupert (D:13)
  Frances (D:14)
  Ilsuiw (Shoals:4)
  A frost giant (Vaults:1)
  4 deep elf elementalists (Elf:3)
  2 deep elf demonologists (Elf:3)
  A deep elf annihilator (Elf:3)
  Josephine (D:14)
  A crystal guardian (WizLab)
  A slime creature (D:15)
  2 deep elf death magi (Elf:3)
  2 deep elf high priests (Elf:3)
  A merfolk impaler (Shoals:1)
  A hydra (Lair:2)
  4 centaur warriors
  A merfolk aquamancer (Shoals:4)
  2 dancing weapons
  A satyr (Shoals:4)
  4 two-headed ogres
  2 deep elf knights (Elf:2)
  A sea snake (Shoals:4)
  A deep elf archer (Elf:1)
  An orc knight (D:13)
  5 harpies
  An ironbrand convoker (Vaults:1)
  8 deep elf magi
  An ugly thing (D:15)
  4 fauns
  2 orc sorcerers (Orc:2)
  2 manticores
  2 cyclopes
  2 elephants (Lair:3)
  An orange demon (Elf:1)
  A water nymph (Shoals:4)
  The ghost of Deemzul the Skirmisher, a novice DsFi (D:5)
  A yaktaur (shapeshifter) (D:15)
  A yaktaur (Vaults:1)
  A komodo dragon (D:9)
  2 merfolk
  3 blink frogs
  A dream sheep (Shoals:3)
  3 wraiths (D:14)
  An air elemental (Elf:3)
  2 fire elementals
  8 yaks
  3 water elementals
  3 humans (D:13)
  2 hogs (Shoals:2)
  A vampire mosquito (D:11)
  Edmund (D:4)
  A hell hound (D:12)
  2 wolves (Lair:3)
  2 centaurs (D:13)
  An ogre (D:13)
  A bullfrog (D:13)
  An earth elemental (Elf:2)
  3 wights (D:13)
  2 howler monkeys (D:7)
  A crimson imp (D:4)
  3 orc wizards
  2 orc priests
  Natasha (D:3)
  5 orcs
  A frilled lizard (D:3)
  A goblin (D:3)
  A kobold (D:3)
  A rat (D:3)
132 creatures vanquished.

Vanquished Creatures (others)
  A deep elf master archer (Elf:3)
  2 merfolk javelineers (Shoals:4)
  A satyr (Shoals:4)
  A deep elf knight (Elf:3)
  3 deep elf archers (Elf:3)
  A harpy (Shoals:2)
  A manticore (Shoals:2)
  2 fauns
  A spatial vortex (Shoals:4)
  A centaur (Vaults:1)
  An earth elemental (Elf:2)
  An orc wizard (D:9)
  An orc (Orc:2)
  A bush (Lair:1)
  7 plants
  8 tentacles
33 creatures vanquished.

Grand Total: 1051 creatures vanquished

Notes
Turn   | Place    | Note
-------+----------+-------------------------------------------
     0 | D:1      | Deemzul the Demonspawn Fighter began the quest for the Orb.
     0 | D:1      | Reached XP level 1. HP: 18/18 MP: 1/1
    81 | D:1      | Reached skill level 2 in Axes
   168 | D:1      | Gained mutation: A weak demonic guardian rushes to your aid. [demonic ancestry]
   168 | D:1      | Reached XP level 2. HP: 10/24 MP: 2/2
   884 | D:2      | Gained mutation: You have a pair of small horns on your head. [demonic ancestry]
   884 | D:2      | Reached XP level 3. HP: 25/29 MP: 3/3
  1432 | D:3      | Gained mutation: You are partially covered in sharp spines. [demonic ancestry]
  1432 | D:3      | Reached XP level 4. HP: 35/35 MP: 4/4
  1466 | D:3      | Noticed Natasha
  1478 | D:3      | Killed Natasha
  1478 | D:3      | Reached skill level 3 in Axes
  1933 | D:3      | Noticed Natasha
  1938 | D:3      | Killed Natasha
  1938 | D:3      | Reached XP level 5. HP: 38/41 MP: 5/5
  1953 | D:3      | Noticed Natasha
  1962 | D:3      | Killed Natasha
  2357 | D:3      | Noticed Deemzul's ghost (amateur DsFi)
  2373 | D:3      | Killed Deemzul's ghost
  2373 | D:3      | Reached skill level 4 in Axes
  2373 | D:3      | Reached XP level 6. HP: 18/48 MP: 5/6
  2567 | D:3      | Found a runed door.
  2636 | D:3      | Noticed Crazy Yiuf
  2652 | D:3      | Killed Crazy Yiuf
  2845 | D:4      | Reached XP level 7. HP: 39/54 MP: 7/7
  2953 | D:4      | Noticed Edmund
  2965 | D:4      | Killed Edmund
  2965 | D:4      | Reached skill level 5 in Axes
  3026 | D:4      | Found a staircase to the Ecumenical Temple.
  3151 | Temple   | Entered the Ecumenical Temple
  3254 | Temple   | Became a worshipper of Warmaster Okawaru
  3448 | D:5      | Entered Level 5 of the Dungeon
  3501 | D:5      | Noticed Deemzul's ghost (novice DsFi)
  3503 | D:5      | Noticed Ijyb
  4060 | D:5      | Killed Deemzul's ghost
  4211 | D:5      | Found Niaczatu's Book Emporium.
  4261 | D:5      | Killed Ijyb
  4266 | D:5      | Gained mutation: You are partially covered in icy blue scales. (AC +2) [demonic ancestry]
  4266 | D:5      | Reached XP level 8. HP: 37/61 MP: 8/8
  4271 | D:5      | Gained mutation: Your muscles are strong. (Str +2) [mutagenic meat]
  4272 | D:5      | Gained mutation: You evolve. [mutagenic meat]
  4273 | D:5      | Gained mutation: Your magical capacity is low. (-10% MP) [mutagenic meat]
  4274 | D:5      | Gained mutation: Your mind is acute. (Int +2) [mutagenic meat]
  4553 | D:5      | Reached skill level 6 in Axes
  4630 | D:6      | Found a radiant altar of Vehumet.
  4638 | D:6      | Reached * piety under Okawaru
  4638 | D:6      | Reached skill level 5 in Fighting
  4703 | D:6      | Reached skill level 5 in Shields
  4743 | D:6      | Got a spiked ring mail
  4754 | D:6      | Identified the +1 ring mail of Undesirable Species {rF++} (You found it on level 6 of the Dungeon)
  4791 | D:6      | Reached skill level 5 in Armour
  5502 | D:7      | Reached skill level 7 in Axes
  5597 | D:7      | Reached ** piety under Okawaru
  5597 | D:7      | Gained mutation: You have a pair of horns on your head. [demonic ancestry]
  5597 | D:7      | Reached XP level 9. HP: 66/69 MP: 8/8
  5795 | D:7      | Found a radiant altar of Vehumet.
  5797 | D:7      | Found an ancient bone altar of Kikubaaqudgha.
  5797 | D:7      | Found a sparkling altar of Nemelex Xobeh.
  5958 | D:7      | Found a glowing silver altar of Zin.
  5961 | D:7      | Found a burning altar of Makhleb.
  5961 | D:7      | Found a white marble altar of Elyvilon.
  6222 | D:8      | Reached skill level 8 in Axes
  6226 | D:8      | Lost mutation: Your magical capacity is low. (-10% MP) [evolution]
  6229 | D:8      | Reached skill level 1 in Invocations
  6795 | D:9      | Reached *** piety under Okawaru
  6847 | D:9      | Gained mutation: A demonic guardian rushes to your aid. [demonic ancestry]
  6847 | D:9      | Reached XP level 10. HP: 79/79 MP: 11/11
  7162 | D:9      | Found a staircase to the Lair.
  7253 | D:9      | Found a blossoming altar of Fedhas.
  7374 | D:9      | Noticed a two-headed ogre
  7381 | D:9      | Killed a two-headed ogre
  7437 | D:9      | Reached skill level 9 in Axes
  7523 | D:10     | Entered Level 10 of the Dungeon
  7650 | D:10     | Lost mutation: Your mind is acute. (Int +2) [evolution]
  7650 | D:10     | Lost mutation: You evolve. [end of evolution]
  7746 | D:10     | Found a staircase to the Orcish Mines.
  7752 | D:10     | Noticed a manticore
  7777 | D:10     | Killed a manticore
  7777 | D:10     | Reached **** piety under Okawaru
  8062 | D:10     | Noticed a two-headed ogre
  8070 | D:10     | Killed a two-headed ogre
  8161 | D:10     | Reached skill level 5 in Invocations
  8192 | D:10     | Noticed Erolcha
  8201 | D:10     | Killed Erolcha
  8201 | D:10     | Reached ***** piety under Okawaru
  8378 | D:10     | Gained mutation: You are mostly covered in sharp spines. [demonic ancestry]
  8378 | D:10     | Reached XP level 11. HP: 65/86 MP: 15/15
  8529 | D:11     | Noticed a two-headed ogre
  9029 | D:11     | Noticed a two-headed ogre
  9072 | D:11     | Killed a two-headed ogre
  9125 | D:11     | Killed a two-headed ogre
  9125 | D:11     | Reached skill level 10 in Axes
  9176 | D:11     | Received a gift from Okawaru
  9360 | D:11     | Gained mutation: Your muscles are very strong. (Str +4) [mutagenic meat]
  9361 | D:11     | Gained mutation: You tend to lose your temper in combat. [mutagenic meat]
  9363 | D:11     | Gained mutation: You are agile. (Dex +2) [mutagenic meat]
  9364 | D:11     | Gained mutation: You have a pair of large horns on your head. [mutagenic meat]
  9616 | D:12     | Noticed Azrael
  9628 | D:12     | Received a gift from Okawaru
  9641 | D:12     | Killed Azrael
  9671 | D:12     | Got a dazzling scale mail {god gift}
  9682 | D:12     | Identified the +0 scale mail "Deokergh" {rElec Str+7} (Okawaru gifted it to you on level 12 of the Dungeon)
 10203 | D:12     | Killed an unseen horror
 10512 | D:13     | Found a gate to the Vaults.
 10512 | D:13     | Noticed an orc knight
 10512 | D:13     | Noticed a centaur warrior
 10512 | D:13     | Noticed Rupert
 10521 | D:12     | Gained mutation: You are mostly covered in icy blue scales. (AC +3) [demonic ancestry]
 10521 | D:12     | Reached XP level 12. HP: 73/95 MP: 18/18
 10521 | D:12     | Reached skill level 11 in Axes
 10557 | D:13     | Noticed a centaur warrior
 10562 | D:13     | Noticed a centaur warrior
 10562 | D:13     | Killed a centaur warrior
 10572 | D:13     | Killed a centaur warrior
 10572 | D:13     | Reached ****** piety under Okawaru
 10859 | D:13     | Noticed a tengu warrior
 11104 | D:12     | Killed a centaur warrior
 11104 | D:12     | Received a gift from Okawaru
 11134 | D:13     | Killed a tengu warrior
 11291 | D:13     | Killed Rupert
 11325 | D:13     | Noticed a two-headed ogre
 11349 | D:13     | Killed a two-headed ogre
 11484 | D:13     | Noticed a centaur warrior
 11487 | D:13     | Killed a centaur warrior
 11761 | D:14     | Noticed Frances
 11770 | D:14     | Killed Frances
 11770 | D:14     | Received a gift from Okawaru
 11770 | D:14     | Reached skill level 12 in Axes
 11898 | D:14     | Reached skill level 10 in Fighting
 11898 | D:14     | Gained mutation: A powerful demonic guardian rushes to your aid. [demonic ancestry]
 11898 | D:14     | Reached XP level 13. HP: 94/103 MP: 12/20
 11910 | D:14     | Gained mutation: You can translocate small distances at will. [mutagenic meat]
 11911 | D:14     | Gained mutation: Your body sometimes deteriorates upon taking damage. [mutagenic meat]
 11912 | D:14     | Lost mutation: You are agile. (Dex +2) [mutagenic meat]
 11960 | D:14     | Reached skill level 10 in Invocations
 12192 | D:14     | Found a roughly hewn altar of Beogh.
 12684 | D:14     | Noticed Josephine
 12691 | D:14     | Killed Josephine
 12821 | D:15     | Entered Level 15 of the Dungeon
 13044 | D:15     | Received a gift from Okawaru
 13051 | D:15     | Got an ichor-stained hand axe {god gift}
 13052 | D:15     | Identified the +6 hand axe of Terror {flame, Int+2 Stlth+} (Okawaru gifted it to you on level 15 of the Dungeon)
 13063 | D:15     | Got an encrusted spear
 13064 | D:15     | Identified the +7 spear of Ustrox {speed, *Rage rF+ Str+5 Dex+3} (You found it on level 15 of the Dungeon)
 13141 | D:15     | Gained mutation: You are agile. (Dex +2) [mutagenic meat]
 13261 | D:15     | Lost mutation: Your body sometimes deteriorates upon taking damage. [mutagenic meat]
 13407 | D:15     | Found a staircase to the Depths.
 13542 | D:15     | Reached skill level 13 in Axes
 13846 | Lair:1   | Entered Level 1 of the Lair of Beasts
 13855 | Lair:1   | Noticed Erica
 13867 | Lair:1   | Killed Erica
 14326 | Lair:1   | Reached skill level 10 in Shields
 14781 | Lair:2   | Noticed Welfe's ghost (journeyman TrMo)
 14794 | Lair:2   | Killed Welfe's ghost
 14855 | Lair:2   | Reached skill level 10 in Armour
 15505 | Lair:3   | Gained mutation: You are completely covered in icy blue scales. (AC +4, rC+) [demonic ancestry]
 15505 | Lair:3   | Reached XP level 14. HP: 104/111 MP: 20/22
 15506 | Lair:3   | Received a gift from Okawaru
 15575 | Lair:3   | Found a staircase to the Shoals.
 15604 | Lair:3   | Found a staircase to the Snake Pit.
 15856 | Lair:3   | Identified a scroll of acquirement
 15857 | Lair:3   | Got a twitching platinum amulet
 15868 | Lair:3   | Identified the amulet of the Crushed Beds {Reflect *Corrode rN+ Int+8 Dex+4 SH+3} (You acquired it on level 3 of the Lair of Beasts)
 16876 | Lair:5   | Noticed Nessos
 16893 | Lair:5   | Killed Nessos
 17210 | Lair:5   | Found a runed door.
 17213 | Lair:5   | Found a viscous altar of Jiyva.
 17215 | Lair:5   | Noticed an acid blob
 17216 | Lair:5   | Found a staircase to the Slime Pits.
 18089 | Orc:1    | Entered Level 1 of the Orcish Mines
 18363 | Orc:2    | Entered Level 2 of the Orcish Mines
 18363 | Orc:2    | Found Waoge's Jewellery Shop.
 18599 | Orc:2    | Received a gift from Okawaru
 18685 | Orc:2    | Found a staircase to the Elven Halls.
 19004 | Orc:2    | Paralysed by an orc sorcerer for 6 turns
 19017 | Orc:2    | Found Ahuam's Gadget Shop.
 19026 | Orc:2    | Received a gift from Okawaru
 19254 | Orc:2    | Found an ancient bone altar of Kikubaaqudgha.
 19255 | Orc:2    | Noticed Nergalle
 19262 | Orc:2    | Killed Nergalle
 19290 | Orc:2    | Found a radiant altar of Vehumet.
 19333 | Orc:2    | Found a roughly hewn altar of Beogh.
 19333 | Orc:2    | Found Gigecwy's Book Boutique.
 19356 | Orc:2    | Found Tuiqo's Antique Weapon Boutique.
 19406 | Orc:2    | Reached skill level 14 in Axes
 19417 | Orc:2    | Found Dafihicu's Magic Scroll Boutique.
 19425 | Orc:2    | Bought a scroll of fear for 45 gold pieces
 19570 | Elf:1    | Entered Level 1 of the Elven Halls
 19899 | Elf:1    | Received a gift from Okawaru
 19902 | Elf:1    | Got a pair of heavily runed gloves {god gift}
 19913 | Elf:1    | Identified the +3 pair of gloves "Ycaejed" {rElec Int-3 Dex+2 SInv} (Okawaru gifted it to you on level 1 of the Elven Halls)
 20201 | Elf:1    | Noticed a Brimstone Fiend
 20202 | Elf:1    | Reached XP level 15. HP: 60/120 MP: 14/24
 20768 | Elf:1    | Identified the Guide on Calling
 21323 | Elf:2    | Received a gift from Okawaru
 21406 | Elf:2    | Found a runed gate.
 21406 | Elf:2    | Found a runed gate.
 21411 | Elf:2    | Found a runed gate.
 21616 | Elf:2    | Found Doroh's Gadget Emporium.
 21616 | Elf:2    | Found Guntis's Jewellery Shop.
 21617 | Elf:2    | Found Vuph's Jewellery Shop.
 21637 | Elf:2    | Bought a phial of floods for 520 gold pieces
 21748 | Elf:3    | Entered Level 3 of the Elven Halls
 21869 | Elf:3    | Found Jiannus's Distillery.
 21903 | Elf:3    | Reached skill level 1 in Evocations
 21958 | Elf:3    | Bought a potion of lignification for 45 gold pieces
 21958 | Elf:3    | Bought a potion of berserk rage for 75 gold pieces
 21958 | Elf:3    | Bought a potion of mutation for 120 gold pieces
 22023 | Elf:3    | Reached skill level 15 in Axes
 22047 | Elf:3    | Found Cogeur's Food Emporium.
 22456 | Elf:3    | Noticed a deep elf blademaster
 22579 | Elf:3    | HP: 1/122 [deep elf archer/arrow (10)]
 23367 | Elf:3    | Received a gift from Okawaru
 23390 | Elf:3    | Lost mutation: You tend to lose your temper in combat. [mutagenic meat]
 23391 | Elf:3    | Gained mutation: You passively map a small area around you. [mutagenic meat]
 23719 | Elf:3    | Noticed Nikola
 23725 | Elf:3    | Killed Nikola
 23725 | Elf:3    | Reached XP level 16. HP: 113/129 MP: 23/25
 23826 | Elf:3    | Got a sparkling emerald amulet
 23827 | Elf:3    | Identified the amulet of Titewaconi {*Corrode +Blink +Rage rPois Str+6} (You took it off a deep elf elementalist on level 3 of the Elven Halls)
 23989 | Elf:3    | Killed a deep elf blademaster
 24079 | Elf:3    | Noticed a deep elf blademaster
 24086 | Elf:3    | Killed a deep elf blademaster
 25037 | Elf:3    | Received a gift from Okawaru
 25043 | Elf:3    | Got a dazzling war axe {god gift}
 25044 | Elf:3    | Identified the +5 war axe of Corporal Punishment {chaos, rElec rC+} (Okawaru gifted it to you on level 3 of the Elven Halls)
 25373 | Elf:3    | Noticed a deep elf master archer
 25406 | Elf:3    | Killed a deep elf master archer
 26060 | Elf:3    | Noticed a Tzitzimitl
 26070 | Elf:3    | Noticed a deep elf master archer
 26088 | Elf:3    | Killed a deep elf master archer
 26088 | Elf:3    | Received a gift from Okawaru
 26201 | Elf:3    | Got a bone executioner's axe {god gift}
 26208 | Elf:3    | Identified the +3 executioner's axe of Cobwebs {chop, rF+} (Okawaru gifted it to you on level 3 of the Elven Halls)
 26391 | Elf:3    | Identified Fexotid's Grimoire of Creative Boosts
 26433 | Elf:3    | Got a dazzling hand crossbow
 26434 | Elf:3    | Identified the +10 hand crossbow of the Eel {penet, *Slow rN+ Int+5} (You found it on level 3 of the Elven Halls)
 27040 | Snake:1  | Entered Level 1 of the Snake Pit
 27305 | Shoals:1 | Entered Level 1 of the Shoals
 27323 | Lair:3   | Gained mutation: Your body sometimes deteriorates upon taking damage. [a shining eye]
 27324 | Lair:3   | Gained mutation: You are occasionally teleported next to monsters. [a shining eye]
 27333 | Shoals:1 | Reached skill level 16 in Axes
 27340 | Shoals:1 | Found Xunoush's Jewellery Shop.
 27345 | Shoals:1 | Reached skill level 5 in Evocations
 27942 | Shoals:1 | Received a gift from Okawaru
 28134 | Shoals:1 | Gained mutation: Your flesh is cold resistant. (rC+) [demonic ancestry]
 28134 | Shoals:1 | Reached XP level 17. HP: 139/139 MP: 26/26
 29080 | Shoals:2 | Received a gift from Okawaru
 29294 | Shoals:2 | Noticed Kirke
 29321 | Shoals:2 | Killed Kirke
 29471 | Shoals:2 | Noticed a kraken
 29478 | Shoals:2 | Killed a kraken
 29546 | Shoals:3 | Received a gift from Okawaru
 29837 | Shoals:3 | Received a gift from Okawaru
 29925 | Shoals:3 | Got a bloodstained large shield {god gift}
 29931 | Shoals:3 | Identified the +3 large shield of Okawaru's Generosity {rPois rC++ MR+ MP+9} (Okawaru gifted it to you on level 3 of the Shoals)
 30367 | Shoals:4 | Entered Level 4 of the Shoals
 30410 | Shoals:4 | Noticed Ilsuiw
 30425 | Shoals:4 | Killed Ilsuiw
 30430 | Shoals:4 | Reached skill level 15 in Fighting
 30878 | Shoals:4 | Noticed a kraken
 30888 | Shoals:4 | Killed a kraken
 30951 | Shoals:4 | Received a gift from Okawaru
 30965 | Shoals:4 | Got a distressingly furry ring mail {god gift}
 30976 | Shoals:4 | Identified the +7 ring mail of Lesser Demons {rC+} (Okawaru gifted it to you on level 4 of the Shoals)
 31093 | Shoals:4 | Reached XP level 18. HP: 121/149 MP: 27/27
 31145 | Shoals:4 | Got a barnacled rune of Zot
 31480 | Shoals:4 | Reached skill level 17 in Axes
 31961 | Vaults:1 | Entered Level 1 of the Vaults
 32106 | Vaults:1 | Gained mutation: You are resistant to electric shocks. (rElec) [mutagenic meat]
 32107 | Vaults:1 | Gained mutation: Your skin changes colour to match your surroundings (Stealth+). [mutagenic meat]
 32108 | Vaults:1 | Lost mutation: Your body sometimes deteriorates upon taking damage. [mutagenic meat]
 32287 | Vaults:1 | Found a magical portal.
 32297 | WizLab   | Entered Doroklohe's Tomb
 32512 | WizLab   | Noticed an electric golem
 32527 | WizLab   | Mangled by an iron golem

Vault maps used:
D:1:      minmay_arrival_jagged
D:2:      hangedman_abyss_or_decor_lesser_grid, kennysheep_generic_room_3
D:3:      kennysheep_minor_cross, uniq_natasha, uniq_crazy_yiuf_cottage
D:4:      minmay_temple_entry_nine_rooms, uniq_edmund
D:5:      serial_shops, shop, first_bread, uniq_iyjb
D:6:      kennysheep_six_static_rooms, basic_altar
D:7:      grunt_temple_overflow_open, the_bakery
D:9:      david_lair_shrubbed, basic_altar
D:10:     hiddenorc2_lemuel, uniq_erolcha
D:12:     evilmike_butchery, uniq_azrael
D:13:     david_vaults_3, spider_trap
D:14:     special_room, hex_tiny, uniq_frances, uniq_josephine, uniq_rupert
D:15:     gammafunk_enter_depths_forms, serial_bayou_lagoon_a
Temple:   eino_temple_scatter_basement
Lair:1:   minmay_hedge_maze, infiniplex_staircase_pool_2, uniq_erica
Lair:2:   grunt_megastairs_4, lemuel_fruit_tree
Lair:3:   minmay_shoals_entry_beasts, guppyfry_snake_entry_garden
Lair:5:   slime_altar_2, lemuel_oklob_altar, minmay_lair_oklob_chamber,
          uniq_nessos
Shoals:1: serial_shops, nicolae_shop_stone
Shoals:2: uniq_kirke
Shoals:4: shoals_end_grunt_ice, shoals_ilsuiw_alternative
Snake:1:  onia_ninara_swampy_vault, grunt_ministairs_8, st_stairs_13
Orc:1:    serial_shops, shop
Orc:2:    kennysheep_orc_mage_school, serial_shops, nicolae_shop_waterfront
Elf:1:    eino_elf_arrival_the_gate, minmay_elf_demonology,
          einodemon_barbed_minivault
Elf:2:    minmay_shop_grove
Elf:3:    elf_hall, serial_shops, shop, shop, nicolae_twisting_strands,
          spider_trap, grunt_ministairs_14, grunt_megastairs_1, uniq_nikola
Vaults:1: vaults_room_mumra_shop_pool, ontoclasm_vaults_shuriken,
          vaults_room_boxed, nicolae_vaults_mini_display_case, v_pattern_1,
          st_octagons_1, nicolae_vaults_big_angled_halls,
          ontoclasm_vaults_gateway, ontoclasm_vaults_hangar,
          ontoclasm_vaults_spin, nicolae_vaults_network_periphery,
          nicolae_vaults_theta, hangedman_vaults_impose, vaults_dpeg_cross,
          ontoclasm_vaults_twist, dpeg_vaults_monster_box, mu_enter_wizlab_4
WizLab:   wizlab_doroklohe

Skill      XL: |  1  2  3  4  5  6  7  8  9 10 11 12 13 14 15 16 17 18 |
---------------+-------------------------------------------------------+-----
Axes           | 2 3 4 5 7 8 9 10 12 13 14 15 16 17 | 17.2
Armour         | 3 4 5 6 7 8 9 10 11 12 13 | 13.0
Shields        | 3 4 5 6 7 8 9 10 11 12 | 12.8
Fighting       | 4 5 7 8 9 10 11 12 14 15 | 15.4
Invocations    | 2 5 8 9 11 12 13 | 13.0
Evocations     | 2 5 7 |  7.6

Action                   |  1- 3 |  4- 6 |  7- 9 | 10-12 | 13-15 | 16-18 || total
-------------------------+-------+-------+-------+-------+-------+-------++-------
Melee: War axe           |   116 |   115 |   314 |   176 |       |   734 ||  1455
       Headbutt          |     3 |    27 |    57 |   128 |   311 |   302 ||   828
       Broad axe         |       |       |       |   289 |   872 |    90 ||  1251
       Hand axe          |       |       |       |       |    38 |       ||    38
       Spear             |       |       |       |       |    20 |       ||    20
Invok: Heroism           |       |       |     4 |     5 |       |       ||     9
       Finesse           |       |       |       |     1 |       |       ||     1
Evoke: Wand              |       |     3 |     2 |     1 |     1 |       ||     7
       Phial of floods   |       |       |       |       |     1 |     1 ||     2
       Sack of spiders   |       |       |       |       |       |     3 ||     3
  Use: Scroll            |       |       |       |     6 |    13 |    10 ||    29
       Potion            |       |       |       |       |     5 |     2 ||     7
 Stab: Distracted        |       |     2 |     1 |     4 |     5 |     5 ||    17
       Paralysed         |       |       |     6 |       |       |     7 ||    13
       Confused          |       |       |       |       |     1 |     2 ||     3
       Petrifying        |       |       |       |       |       |     4 ||     4
  Eat: Chunk             |     2 |     5 |    19 |    21 |    45 |    32 ||   124
       Fruit             |       |       |       |       |     1 |       ||     1
Armor: Scale mail        |    42 |    39 |    35 |   118 |   285 |       ||   519
       Ring mail         |       |       |    87 |    69 |       |    25 ||   181
       Plate armour      |       |       |       |       |     6 |   307 ||   313
Dodge: Dodged            |    35 |    32 |    85 |   117 |   149 |    91 ||   509
Block: Shield            |    42 |    55 |   184 |   266 |   655 |   324 ||  1526
       Reflection        |       |       |       |       |    51 |   109 ||   160
       Large shield      |       |       |       |       |       |   418 ||   418
       Other             |       |       |       |       |       |     1 ||     1
